 Dungeon Crawl Stone Soup version 0.28-a0-821-g923ab73998 (webtiles) character file.

Game seed: 2221604378507417807

1343 Essalna the Firebug (level 8, -21/52 HPs)
             Began as a Demonspawn Fire Elementalist on Nov 9, 2021.
             Was a Follower of Vehumet.
             Killed from afar by an oklob plant (23 damage)
             ... with a splash of acid
             ... on level 6 of the Dungeon.
             The game lasted 00:11:34 (7516 turns).

Essalna the Firebug (Demonspawn Fire Elementalist)  Turns: 7516, Time: 00:11:34

Health: -21/52     AC:  5    Str: 10    XL:     8   Next: 35%
Magic:  11/16      EV: 27    Int: 18    God:    Vehumet [*.....]
Gold:   288        SH:  4    Dex: 13    Spells: 11/18 levels left

rFire   . . .      SeeInvis +   b - +0 dagger
rCold   . . .      Faith    .   (no shield)
rNeg    . . .      Spirit   .   a - +0 robe
rPois   .          Reflect  .   (no helmet)
rElec   .          Harm     .   (no cloak)
rCorr   .          Rampage  .   (no gloves)
Will    .....                   (no boots)
Stlth   ++........              t - amulet of the acrobat
HPRegen 0.17/turn               k - ring of see invisible
MPRegen 0.30/turn               (no ring)

@: corroded, acrobatic
A: thin metallic scales 2, icemail 1, magic regeneration, condensation shield,
demonic touch 2
a: Renounce Religion


You were on level 6 of the Dungeon.
You worshipped Vehumet.
Vehumet was aware of your devotion.
You visited 2 branches of the dungeon, and saw 7 of its levels.
You also visited: Sewer.

You collected 288 gold pieces.

Inventory:

Hand Weapons
 b - a +0 dagger (weapon)
Armour
 a - a +0 robe (worn)
Jewellery
 k - a ring of see invisible (left hand)
 t - an amulet of the acrobat (around neck)
Wands
 l - a wand of paralysis (10)
Scrolls
 c - a scroll of noise
 g - 3 scrolls of enchant weapon {unknown}
 h - a scroll of amnesia {unknown}
 i - 5 scrolls of identify {unknown}
 n - a scroll of vulnerability {unknown}
 o - a scroll of blinking {unknown}
 q - a scroll of torment {unknown}
 r - a scroll of fog {unknown}
 x - 2 scrolls of teleportation {unknown}
 y - 2 scrolls of summoning {unknown}
 z - a scroll of fear {unknown}
 B - a scroll of magic mapping
Potions
 d - a potion of degeneration {unknown}
 e - 2 potions of heal wounds
 f - 4 potions of flight
 j - 2 potions of berserk rage {unknown}
 m - a potion of attraction {unknown}
 p - 2 potions of curing
 s - a potion of ambrosia {unknown}
 u - 3 potions of brilliance {unknown}
 v - a potion of haste {unknown}
 w - a potion of might {unknown}
 A - a potion of resistance {unknown}


   Skills:
 - Level 1.7 Dodging
 - Level 1.7 Stealth
 + Level 5.7 Spellcasting
 + Level 5.9 Conjurations
 + Level 6.0 Fire Magic


You had 11 spell levels left.
You knew the following spells:

 Your Spells              Type           Power      Damage    Failure   Level
a - Foxfire               Conj/Fire      100%       2x1d9     1%          1
b - Scorch                Fire           52%        2d7       1%          2
c - Flame Wave            Conj/Fire      26%        3d6       11%         4

Your spell library contained the following spells:

 Spells                   Type           Power      Damage    Failure   Level
 Shock                    Conj/Air       60%        1d6       3%          1
 Conjure Flame            Conj/Fire      26%        6-21      3%          3
 Inner Flame              Hex/Fire       16%        N/A       11%         3
 Beastly Appendage        Tmut           10%        N/A       12%         1
 Slow                     Hex            20%        N/A       12%         1
 Wereblood                Tmut           5%         N/A       19%         2
 Confusing Touch          Hex            5%         N/A       36%         3
 Spider Form              Tmut/Pois      5%         N/A       36%         3
 Yara's Violent Unravell  Hex/Tmut       2%         3d3       98%         5


Dungeon Overview and Level Annotations

Branches:
Dungeon (6/15)             Temple (1/1) D:6           Sewer (visited)

Altars:
Ashenzari
Dithmenos
Elyvilon
Fedhas
Gozag
Kikubaaqudgha
Makhleb
Qazlal
Ru
Sif Muna
Uskayaw
Vehumet
Wu Jian
Xom
Yredelemnul
The Shining One

Annotations:
D:6 exclusion: oklob plant


Innate Abilities, Weirdness & Mutations

You are mostly covered in thin metallic scales. (AC +3)
A meltable icy envelope protects you from harm. (AC +4)
You regenerate magic rapidly.
A meltable shield of frost defends you. (SH +4)
Your touch may inflict irresistible damage on your foes.


Message History

The oklob plant spits acid at you. The splash of acid hits you!!
The acid corrodes you!
Casting: Foxfire (safe; 1% risk of failure)
Confirm with . or Enter, or press ? or * to list all spells.
You conjure some foxfire!
The foxfire hits the oklob plant but does no damage.
The oklob plant is lightly damaged.
The foxfire hits the oklob plant.
The oklob plant is lightly damaged.
Casting: Foxfire (safe; 1% risk of failure)
Confirm with . or Enter, or press ? or * to list all spells.
You conjure some foxfire!
The foxfire hits the oklob plant.
The oklob plant is lightly damaged.
Casting: Foxfire (safe; 1% risk of failure)
Confirm with . or Enter, or press ? or * to list all spells.
You conjure some foxfire!
The foxfire hits the oklob plant.
The oklob plant is lightly damaged.
Casting: Foxfire (safe; 1% risk of failure)
Confirm with . or Enter, or press ? or * to list all spells.
You conjure some foxfire!
A nearby plant withers and dies.
The foxfire hits the oklob plant but does no damage.
The oklob plant is lightly damaged.
The oklob plant spits acid at you. The splash of acid hits you!
Casting: Foxfire (safe; 1% risk of failure)
Confirm with . or Enter, or press ? or * to list all spells.
You conjure some foxfire!
The foxfire hits the oklob plant but does no damage.
The oklob plant is lightly damaged.
The oklob plant spits acid at you. The splash of acid hits you!!
* * * LOW HITPOINT WARNING * * *
Unknown command.
The foxfire hits the oklob plant.
The oklob plant is lightly damaged.
The foxfire hits the oklob plant!
The oklob plant is moderately damaged.
The oklob plant spits acid at you. The splash of acid hits you!!
You die...

P#PP.≈≈≈≈._.≈≈≈≈.#P,,#....## ##.
♣PPP.≈≈≈≈...≈≈≈≈.PP#P#...## ##
.PP♣.≈≈≈≈≈.≈≈≈≈≈.#PPP#..##
♣P#P..≈≈≈≈.≈≈≈≈..PPP##'##
,♣PPP..≈≈≈.≈≈≈..PPPPP#.#
PP#PPP..≈≈.≈≈...PPPPP#.#
#♣.P♣PP.......♣PPPPPP#.##
*#.P♣PP.....P.PP§§..##..##
,PPPPPP.........@..P.#...########
P#♣PP♣..#P.P#.P#P.PP.#..........)
,PPPP.PPP.#♣..#.♣♣PP♣#...########
*#########*######*####...# #...#
#<### #.# #.# #.#


You could see an oklob plant.

Vanquished Creatures
  2 orc warriors (D:6)
  A sky beast (D:6)
  A phantom (D:5)
  A kobold brigand (D:5)
  A wyvern zombie (D:6)
  A scorpion (D:6)
  A water moccasin zombie (D:5)
  2 centaur zombies
  2 jellies
  2 orc priests
  A bullfrog skeleton (D:6)
  3 hounds
  Jessica (D:3)
  Natasha (thrice) (D:3)
  An iguana (D:5)
  A killer bee zombie (D:6)
  A hound zombie (D:5)
  Robin (D:3)
  10 adders
  3 howler monkey skeletons
  A white imp (D:5)
  3 worms
  6 dart slugs
  10 orcs
  8 ball pythons
  9 endoplasms
  9 giant cockroaches
  13 goblins
  3 hobgoblins
  14 jackals
  4 quokkas
  16 bats
  4 frilled lizards
  A jackal skeleton (D:4)
  13 kobolds
  2 rats
  2 bushes (D:6)
157 creatures vanquished.

Vanquished Creatures (collateral kills)
  33 foxfires
33 creatures vanquished.

Vanquished Creatures (others)
  741 foxfires
  17 plants
  12 toadstools (D:6)
770 creatures vanquished.

Grand Total: 960 creatures vanquished

Notes
Turn   | Place    | Note
-------+----------+-------------------------------------------
     0 | D:1      | Essalna the Demonspawn Fire Elementalist began the quest
                  | for the Orb.
     0 | D:1      | Reached XP level 1. HP: 13/13 MP: 3/3
   283 | D:1      | Gained mutation: You regenerate magic rapidly. [demonic
                  | ancestry]
   283 | D:1      | Reached XP level 2. HP: 13/19 MP: 0/5
   474 | D:1      | Reached skill level 3 in Fire Magic
   957 | D:2      | Gained mutation: Your touch may inflict minor irresistible
                  | damage on your foes. [demonic ancestry]
   957 | D:2      | Reached XP level 3. HP: 20/24 MP: 3/6
  1085 | D:2      | Found a faded altar of an unknown god.
  1092 | D:2      | Found a shimmering blue altar of Sif Muna.
  1404 | D:2      | Gained mutation: Your touch may inflict irresistible damage
                  | on your foes. [demonic ancestry]
  1404 | D:2      | Reached XP level 4. HP: 17/30 MP: 3/8
  1955 | D:3      | Noticed Jessica
  1959 | D:3      | Killed Jessica
  2067 | D:3      | Noticed Robin
  2337 | D:3      | Noticed Natasha
  2344 | D:3      | Killed Natasha
  2345 | D:3      | Gained mutation: A meltable shield of frost defends you.
                  | (SH +4) [demonic ancestry]
  2345 | D:3      | Reached XP level 5. HP: 11/35 MP: 4/9
  2385 | D:3      | Noticed Natasha
  2393 | D:3      | Killed Natasha
  2856 | D:3      | Killed Robin
  2857 | D:3      | Reached skill level 4 in Fire Magic
  2926 | D:3      | Noticed Natasha
  2932 | D:3      | Killed Natasha
  3022 | D:3      | Gained mutation: You are partially covered in thin metallic
                  | scales. (AC +2) [demonic ancestry]
  3022 | D:3      | Reached XP level 6. HP: 33/41 MP: 3/11
  3360 | D:3      | Learned a level 2 spell: Scorch
  4150 | D:5      | Entered Level 5 of the Dungeon
  4482 | D:5      | Gained mutation: A meltable icy envelope protects you from
                  | harm. (AC +4) [demonic ancestry]
  4482 | D:5      | Reached XP level 7. HP: 15/46 MP: 3/13
  4862 | D:5      | Reached skill level 5 in Fire Magic
  5000 | D:5      | Found a shimmering altar of Xom.
  5192 | D:5      | Found an ornate altar of the Wu Jian Council.
  5192 | D:5      | Found a hide-covered altar of Uskayaw.
  5194 | D:5      | Found a shadowy altar of Dithmenos.
  5194 | D:5      | Found a shadowy altar of Dithmenos.
  5194 | D:5      | Found a stormy altar of Qazlal.
  5790 | D:6      | Reached skill level 5 in Conjurations
  5797 | D:6      | Found a staircase to the Ecumenical Temple.
  5866 | Temple   | Entered the Ecumenical Temple
  5882 | Temple   | Became a worshipper of Vehumet
  5944 | D:6      | Reached skill level 5 in Spellcasting
  6002 | D:6      | Gained mutation: You are mostly covered in thin metallic
                  | scales. (AC +3) [demonic ancestry]
  6002 | D:6      | Reached XP level 8. HP: 26/52 MP: 8/15
  6023 | D:6      | Found a glowing drain.
  6067 | Sewer    | Entered a sewer
  6073 | Sewer    | Reached * piety under Vehumet
  6073 | Sewer    | Offered knowledge of Shock by Vehumet.
  6943 | D:6      | Reached skill level 6 in Fire Magic
  6970 | D:6      | Found a burning altar of Makhleb.
  6973 | D:6      | Found a broken altar of Ashenzari.
  6973 | D:6      | Found an ancient bone altar of Kikubaaqudgha.
  6995 | D:6      | Found a sacrificial altar of Ru.
  7150 | D:6      | Found a blossoming altar of Fedhas.
  7171 | D:6      | Noticed an oklob plant
  7233 | D:6      | Learned a level 4 spell: Flame Wave
  7515 | D:6      | HP: 2/52 [oklob plant/splash of acid (24)]
  7516 | D:6      | Killed from afar by an oklob plant

Illustrated notes

Levels and vault maps discovered:
D:1:      dpeg_arrival_lava_altar, layout_rooms, serial_bayou_ford_a
D:2:      layout_rooms, basic_altar, hellmonk_ecumenical_altar_run_dry,
          kennysheep_generic_room_6
D:3:      layout_rooms, uniq_natasha, uniq_robin, uniq_jessica
D:4:      layout_loops_ring
D:5:      layout_basic, doesnt_xom_only_xom
D:6:      layout_loops_corners, minmay_overflow_temple_star_hex, tgw_fedhas,
          temple_doors_cd, gup_sewer_entry_glass
Temple:   zaba_magenta_temple

Skill      XL: |  1  2  3  4  5  6  7  8 |
---------------+-------------------------+-----
Fire Magic     | 3 4 5 6 |  6.0
Conjurations   | 2 3 4 5 |  5.9
Spellcasting   | 3 4 5 |  5.7
Dodging        | |  1.7
Stealth        | |  1.7

Action                   |  1- 3 |  4- 6 |  7- 9 || total
-------------------------+-------+-------+-------++-------
Melee: Unarmed           |     4 |       |       ||     4
       Dagger            |    21 |    63 |    22 ||   106
       Touch             |     2 |    15 |     5 ||    22
 Cast: Foxfire           |    78 |   202 |   195 ||   475
       Scorch            |       |       |    10 ||    10
       Flame Wave        |       |       |     1 ||     1
  Use: Scroll            |       |       |     2 ||     2
Armor: Robe              |     6 |    22 |    22 ||    50
Dodge: Dodged            |    28 |    51 |    22 ||   101
Block: Other             |       |     9 |    12 ||    21

Table legend: (Time is in decaauts)
 A = Elapsed time spent in this place.
 B = Non-inter-level travel time spent in this place.
 C = Inter-level travel time spent in this place.
 D = Time resting spent in this place.
 E = Time spent auto-exploring this place.
 F = Levels seen in this place.
 G = Mean time per level.
                   A        B        C        D        E       F      G
               +--------+--------+--------+--------+--------+-----+--------+
         Total |   7606 |   7439 |    167 |    265 |   6006 |   8 |  950.8 |
       Dungeon |   7023 |   6859 |    164 |    265 |   5541 |   6 | 1170.5 |
        Temple |     20 |     17 |      3 |      0 |      6 |   1 |   20.0 |
         Sewer |    561 |    561 |      0 |      0 |    459 |   1 |  561.0 |
               +--------+--------+--------+--------+--------+-----+--------+

Top non-repeatable levels by time:
     D:6: 1707 daAuts
     D:2: 1261 daAuts
     D:3: 1204 daAuts
     D:5: 1162 daAuts
     D:1: 918 daAuts
     D:4: 770 daAuts
   Sewer: 561 daAuts
  Temple: 20 daAuts
